 Dungeon Crawl Stone Soup version 0.29-a0-870-g2c972031a6 (webtiles) character file.

Game seed: 17007109325247945691

11439 kevlar127 the Grappler (level 11, -1/117 HPs)
             Began as a Troll Berserker on July 18, 2022.
             Was a High Priest of Trog.
             Slain by a skeletal warrior
             ... wielding a +0 glaive
              (28 damage)
             ... on level 11 of the Dungeon.
             The game lasted 00:32:54 (13208 turns).

kevlar127 the Grappler (Troll Berserker)           Turns: 13208, Time: 00:32:54

Health: -1/117     AC:  9    Str: 31    XL:     11   Next: 49%
Magic:  0/10       EV: 10    Int:  6    God:    Trog [*****.]
Gold:   414        SH:  0    Dex:  9    Spells: 10/10 levels left

rFire   . . .      SeeInvis .     - Unarmed
rCold   . . .      Faith    .   (no shield)
rNeg    + . .      Spirit   +   i - +0 robe "Unyronka" {Int+3 Slay+5}
rPois   +          Reflect  .   (helmet restricted)
rElec   +          Harm     .   u - +0 cloak
rCorr   .          Rampage  .   (gloves unavailable)
Will    .....                   (boots unavailable)
Stlth   +.........              M - amulet of guardian spirit
HPRegen 1.09/turn               b - ring "Feg Ulec" {rElec rPois rN+}
MPRegen 0.12/turn               y - +4 ring of protection

@: no status effects
A: large, unfitting armour, claws 3, regeneration 1, shaggy fur 1, tough skin 1
a: Renounce Religion, Berserk, Trog's Hand, Brothers in Arms


You were on level 11 of the Dungeon.
You worshipped Trog.
Trog was extremely pleased with you.
You visited 1 branch of the dungeon, and saw 11 of its levels.

You collected 661 gold pieces.
You spent 247 gold pieces at shops.

Inventory:

Missiles
 r - 23 poisoned darts
 z - 4 datura-tipped darts
 E - 4 throwing nets
 H - 6 curare-tipped darts
 O - 2 boomerangs (quivered)
Armour
 i - the +0 robe "Unyronka" (worn) {Int+3 Slay+5}
   (You found it on level 10 of the Dungeon)

   Int:       It affects your intelligence (+3).
   Slay:      It affects your accuracy & damage with ranged weapons and melee
   (+5).
 n - the +0 robe of Disappointment {-Tele rPois rN+}
   (You found it on level 2 of the Dungeon)

   rPois:     It protects you from poison.
   rN:        It protects you from negative energy.
   -Tele:     It prevents most forms of teleportation.
 u - a +0 cloak (worn)
 w - a +2 robe of fire resistance
Jewellery
 b - the ring "Feg Ulec" (left claw) {rElec rPois rN+}
   (You acquired it on level 11 of the Dungeon)

   [ring of positive energy]

   rElec:     It insulates you from electricity.
   rPois:     It protects you from poison.
   rN:        It protects you from negative energy.
 h - a ring of fire
 x - a ring of see invisible
 y - a +4 ring of protection (right claw)
 I - a ring of poison resistance
 M - an amulet of guardian spirit (around neck)
Wands
 v - a wand of light (20)
 C - a wand of flame (40)
 K - a wand of charming (5)
Scrolls
 f - a scroll of vulnerability
 j - 2 scrolls of enchant weapon
 l - 3 scrolls of blinking
 m - 2 scrolls of silence
 o - a scroll of fog
 q - a scroll of poison
 s - a scroll of torment
 t - 6 scrolls of teleportation
 A - a scroll of amnesia
 F - a scroll of noise
 G - a scroll of enchant armour
 J - a scroll of immolation
Potions
 a - 4 potions of flight
 c - 3 potions of degeneration
 d - 4 potions of curing
 e - 2 potions of brilliance
 g - a potion of resistance
 k - a potion of ambrosia {unknown}
 p - 3 potions of lignification
 B - a potion of haste
 L - a potion of attraction {unknown}
 N - a potion of might {unknown}


   Skills:
 + Level 9.9 Fighting
 - Level 7.0 Throwing
 + Level 2.6 Armour
 - Level 4.0 Dodging
 + Level 11.7 Unarmed Combat


You had 10 spell levels left.
You didn't know any spells.
Your spell library was empty.

Dungeon Overview and Level Annotations

Branches:
Dungeon (11/15)            Temple (0/1) D:6            Lair (0/5) D:11
    Orc (0/2) D:10

Altars:
Elyvilon
Fedhas
Hepliaklqana
Makhleb
Uskayaw
Wu Jian
Yredelemnul
The Shining One

Shops:
D:1 ?   D:7 *(   D:10 (

Annotations:
D:10 exclusion: oklob plant
D:11 1 runed translucent door


Innate Abilities, Weirdness & Mutations

You are too large for most types of armour.
You have claws for hands.
Your natural rate of healing is unusually fast.
You are covered in fur. (AC +1)
You have tough skin. (AC +1)


Message History

The skeletal warrior completely misses you.
Throw: javelin
Press: ? - help, Q - select action, (/) - cycle Shift-Dir - straight line, f - wyvern
Aim: a wyvern (68% to hit)
You throw a javelin.
The javelin pierces through the skeletal warrior but does no damage.
The skeletal warrior is heavily damaged.
The javelin barely misses the skeletal warrior.
The javelin pierces through the wyvern.
The wyvern is lightly wounded.
The skeletal warrior hits you from afar with a +0 glaive!!
Throw: 23 darts (poison)
Press: ? - help, Q - select action, (/) - cycle Shift-Dir - straight line, f/p - wyvern
Aim: a wyvern (lightly wounded, 68% to hit)
Okay, then.
Throw: 2 boomerangs
Press: ? - help, Q - select action, (/) - cycle Shift-Dir - straight line, f/p - wyvern
Aim: a wyvern (lightly wounded, 68% to hit)
You throw a boomerang.
The boomerang closely misses the skeletal warrior.
The boomerang hits the skeletal warrior but does no damage.
The skeletal warrior is moderately damaged.
The skeletal warrior hits you from afar with a +0 glaive.
Throw: 2 boomerangs
Press: ? - help, Q - select action, (/) - cycle Shift-Dir - straight line, f/p - wyvern
Aim: a wyvern (lightly wounded, 68% to hit)
You throw a boomerang.
The boomerang hits the skeletal warrior!
The skeletal warrior is severely damaged.
The skeletal warrior hits you from afar with a +0 glaive.
The skeletal warrior hits you with a +0 glaive!!
The skeletal warrior hits you from afar with a +0 halberd!!
You barely miss the skeletal warrior.
The skeletal warrior is severely damaged.
The skeletal warrior hits you with a +0 glaive!!
* * * LOW HITPOINT WARNING * * *
The skeletal warrior closely misses you.
The skeletal warrior attacks as you move away!
The skeletal warrior hits you with a +0 glaive!!
You die...

# #.# . #.# ## #[#
.####### ########.#
........ .........##
....... ..........#
....... ..........# ).##
#### ########..#
...############.@# #...
..#).)......##.##zzl....
#...
..#.#######.##.##zzg..(.
##..
..##.......##...##..(##.
#..
...#.#####.##...##..##
##.
.#.##.....##.....##.. #.
>...#.###.##.....##...
##
....##...##.......##...
# .....#.#.##.......## #


You could see 4 skeletal warriors, a wyvern and a gnoll sergeant.

Vanquished Creatures
  Harold (D:11)
  A boulder beetle (D:11)
  2 two-headed ogres (D:11)
  Pikel (D:5)
  The ghost of zhov the Shooter, a novice DsHu (D:6)
  3 hornets
  A wraith (D:10)
  2 wyverns
  11 yaks
  2 water moccasins
  4 orc warriors
  An ice beast (D:8)
  A sky beast (D:6)
  2 black bears (D:5)
  5 ogres
  4 centaurs
  3 phantoms
  3 kobold brigands
  A gnoll sergeant (D:10)
  3 bullfrogs
  5 scorpions
  16 wights
  7 killer bees
  An oklob sapling (D:10)
  3 electric eels (D:9)
  4 hounds
  5 orc priests
  3 jellies
  A gnoll bouda (D:8)
  3 iguanas
  10 orc wizards
  10 adders
  9 gnolls
  An ufetubus (D:5)
  A worm (D:3)
  2 dart slugs
  31 orcs
  3 endoplasms
  3 giant cockroaches
  3 hobgoblins
  21 jackals
  20 kobolds
  A quokka (D:1)
  16 ball pythons
  8 bats
  2 frilled lizards
  11 goblins
  5 rats
  A spectral goblin (D:10)
258 creatures vanquished.

Vanquished Creatures (collateral kills)
  A hydra (D:11)
  A centaur (D:11)
2 creatures vanquished.

Vanquished Creatures (others)
  2 orcs (D:9)
  A kobold (D:9)
  A fungus (D:2)
  37 plants
41 creatures vanquished.

Grand Total: 301 creatures vanquished

Notes
Turn   | Place    | Note
-------+----------+-------------------------------------------
     0 | D:1      | kevlar127 the Troll Berserker began the quest for the Orb.
     0 | D:1      | Reached XP level 1. HP: 22/22 MP: 0/0
   132 | D:1      | Reached XP level 2. HP: 29/29 MP: 1/1
   248 | D:1      | Found Dizexed's Magic Scroll Shop.
   501 | D:1      | Reached XP level 3. HP: 12/36 MP: 2/2
   501 | D:1      | Reached ** piety under Trog
  1435 | D:2      | Found a faded altar of an unknown god.
  1471 | D:2      | Identified the +0 robe of Disappointment {-Tele rPois rN+}
  1710 | D:2      | Reached XP level 4. HP: 43/45 MP: 3/3
  1903 | D:3      | Found a hide-covered altar of Uskayaw.
  2017 | D:3      | Found an ornate altar of the Wu Jian Council.
  2036 | D:3      | Found a basalt altar of Yredelemnul.
  2237 | D:3      | Reached skill level 4 in Unarmed Combat
  2265 | D:3      | Reached XP level 5. HP: 40/53 MP: 4/4
  2917 | D:4      | Reached *** piety under Trog
  3425 | D:5      | Entered Level 5 of the Dungeon
  3425 | D:5      | Noticed a black bear
  3429 | D:5      | Reached XP level 6. HP: 62/62 MP: 5/5
  3473 | D:5      | Noticed Pikel
  3478 | D:5      | Reached skill level 5 in Unarmed Combat
  3488 | D:5      | HP: 4/93 [Pikel/bolt of light (14)]
  3489 | D:5      | Killed Pikel
  3490 | D:5      | Reached skill level 5 in Fighting
  3490 | D:5      | Reached skill level 6 in Unarmed Combat
  3490 | D:5      | Reached XP level 7. HP: 5/72 MP: 6/6
  3696 | D:5      | Reached XP level 8. HP: 39/81 MP: 7/7
  4137 | D:5      | Reached skill level 7 in Unarmed Combat
  4836 | D:6      | Reached skill level 8 in Unarmed Combat
  4981 | D:6      | Reached XP level 9. HP: 91/93 MP: 8/8
  5159 | D:6      | Found a staircase to the Ecumenical Temple.
  5218 | D:6      | Reached skill level 1 in Throwing
  5317 | D:6      | Found a runed translucent door.
  5322 | D:6      | Noticed zhov's ghost (novice DsHu)
  5517 | D:6      | Killed zhov's ghost
  5518 | D:6      | Reached skill level 9 in Unarmed Combat
  5763 | D:7      | Found Xaomokh's Elemental Accessories.
  5771 | D:7      | Found Ikir's Weapon Shop.
  5945 | D:1      | Bought a scroll of identify for 28 gold pieces
  5945 | D:1      | Bought a scroll of blinking for 105 gold pieces
  5945 | D:1      | Bought a scroll of teleportation for 42 gold pieces
  5945 | D:1      | Bought a scroll of identify for 28 gold pieces
  6135 | D:8      | Reached **** piety under Trog
  6493 | D:8      | Found a burning altar of Makhleb.
  7083 | D:8      | Found a blossoming altar of Fedhas.
  7427 | D:9      | Reached XP level 10. HP: 27/104 MP: 9/9
  7836 | D:9      | Found a white marble altar of Elyvilon.
  7945 | D:9      | Reached skill level 10 in Unarmed Combat
  8089 | D:9      | Reached skill level 5 in Throwing
  9281 | D:10     | Entered Level 10 of the Dungeon
  9281 | D:10     | Found Sepigusmy's Weapon Shoppe.
  9321 | D:10     | Bought 4 javelins for 44 gold pieces
  9637 | D:10     | Found a glowing golden altar of the Shining One.
  9655 | D:10     | Reached ***** piety under Trog
  9683 | D:10     | Found a staircase to the Orcish Mines.
 10437 | D:10     | Identified the +0 robe "Unyronka" {Int+3 Slay+5}
 10559 | D:10     | Found a hazy altar of Hepliaklqana.
 10656 | D:10     | Noticed an oklob plant
 12078 | D:10     | Reached skill level 11 in Unarmed Combat
 12133 | D:11     | Noticed Harold
 12151 | D:11     | Killed Harold
 12152 | D:11     | Reached XP level 11. HP: 41/115 MP: 3/10
 12826 | D:11     | Identified a scroll of acquirement
 12837 | D:11     | Acquired the ring "Feg Ulec" {rElec rPois rN+}
 12901 | D:11     | Noticed a boulder beetle
 12910 | D:11     | Killed a boulder beetle
 12911 | D:11     | Reached skill level 1 in Armour
 12953 | D:11     | Found a staircase to the Lair.
 13018 | D:11     | Noticed a two-headed ogre
 13021 | D:11     | Killed a two-headed ogre
 13035 | D:11     | Noticed a five-headed hydra
 13040 | D:11     | Killed a five-headed hydra
 13099 | D:11     | Noticed a two-headed ogre
 13105 | D:11     | Killed a two-headed ogre
 13183 | D:11     | Found a runed translucent door.
 13197 | D:11     | Noticed a skeletal warrior
 13197 | D:11     | Noticed a skeletal warrior
 13197 | D:11     | Noticed a skeletal warrior
 13200 | D:11     | Noticed a skeletal warrior
 13208 | D:11     | Slain by a skeletal warrior

Illustrated notes

Levels and vault maps discovered:
D:1:      dpeg_arrival_chambers_temple_mockup, layout_basic, serial_shops,
          shop_statue, minivault_19, amcnicky_mini_rare_corridor_liquid,
          chequers_arboretum
D:2:      layout_basic, dreamdust_ecumenical_altar_grove
D:3:      layout_loops_corners, nicolae_wu_jian_wuxing_cycle,
          yredelemnul_altar_generic, nicolae_uskayaw_murder_on_the_dancefloor
D:4:      layout_basic
D:5:      minmay_spotlight, layout_cave_pools, uniq_pikel
D:6:      layout_loops_ring, minmay_temple_entry_junction,
          ebering_ghost_reflecting_pool
D:7:      layout_gridville, mainiacjoe_overflow_catwalk_spiral, serial_shops,
          nicolae_shop_bloodbath_and_beyond, minivault_19,
          minmay_tree_intersection, nicolae_elemental_shop, lightli_orcish_oven
D:8:      layout_loops_corners, mainiacjoe_overflow_paths, fedhas_altar_1,
          item_on_display_a
D:9:      layout_irregular_city, old_standard_altar, serial_bayou,
          serial_bayou_crossing, serial_bayou_pond_e, serial_bayou_ford_a,
          serial_bayou_lake_a, enter_bailey_8
D:10:     layout_stronghold, mainiacjoe_overflow_alcove_4,
          nicolae_hepliaklqana_monster_ancestors, erik_orc_3, serial_shops,
          nicolae_stop_n_shop_1, introduction_to_nature_2
D:11:     minmay_the_grid_triangle_9x9_rhombus_full
          [minmay_the_grid_triangle_9x9_tough_junction,
          minmay_the_grid_triangle_9x9_minimal,
          minmay_the_grid_triangle_9x9_flanged_cone,
          minmay_the_grid_triangle_9x9_empty,
          minmay_the_grid_triangle_9x9_pentomino_pain,
          minmay_the_grid_triangle_9x9_zippers_horizontal,
          minmay_the_grid_triangle_9x9_sprig,
          minmay_the_grid_triangle_9x9_prize_top_heavy], layout_basic,
          lair_entry_dummy, uniq_harold, uniq_maurice

Skill      XL: |  1  2  3  4  5  6  7  8  9 10 11 |
---------------+----------------------------------+-----
Fighting       | 3 5 7 8 9 |  9.9
Dodging        | 3 4 |  4.0
Unarmed Combat | 4 6 8 9 11 | 11.7
Throwing       | 4 6 7 |  7.0
Armour         | 2 |  2.6

Action                   |  1- 3 |  4- 6 |  7- 9 | 10-12 || total
-------------------------+-------+-------+-------+-------++-------
Melee: Unarmed           |   135 |   120 |   255 |   232 ||   742
       Punch             |     1 |     1 |     6 |     7 ||    15
Throw: Stone             |       |       |       |    94 ||    94
       Boomerang         |       |       |       |    32 ||    32
       Dart              |       |       |       |    20 ||    20
       Javelin           |       |       |       |     9 ||     9
Invok: Berserk           |       |     1 |     2 |     3 ||     6
       Trog's Hand       |       |       |     1 |     1 ||     2
       Brothers in Arms  |       |       |       |     1 ||     1
  Use: Scroll            |       |       |       |    17 ||    17
 Stab: Sleeping          |     4 |       |     1 |       ||     5
Armor: Animal skin       |    67 |       |       |       ||    67
       Robe              |       |    45 |    95 |    74 ||   214
Dodge: Dodged            |    80 |    52 |    92 |   103 ||   327

Table legend: (Time is in decaauts)
 A = Elapsed time spent in this place.
 B = Non-inter-level travel time spent in this place.
 C = Inter-level travel time spent in this place.
 D = Time resting spent in this place.
 E = Time spent auto-exploring this place.
 F = Levels seen in this place.
 G = Mean time per level.
                   A        B        C        D        E       F      G
               +--------+--------+--------+--------+--------+-----+--------+
         Total |  13207 |  12448 |    759 |   3970 |   6767 |  11 | 1200.6 |
       Dungeon |  13207 |  12448 |    759 |   3970 |   6767 |  11 | 1200.6 |
               +--------+--------+--------+--------+--------+-----+--------+

Top non-repeatable levels by time:
    D:10: 2816 daAuts
     D:9: 1960 daAuts
     D:5: 1345 daAuts
     D:1: 1313 daAuts
     D:8: 1266 daAuts
    D:11: 1075 daAuts
     D:3: 967 daAuts
     D:6: 903 daAuts
     D:2: 703 daAuts
     D:4: 627 daAuts
     D:7: 227 daAuts
